 Dungeon Crawl Stone Soup version 0.20.0-4-g10b340a (webtiles) character file.

69 Hasart the Grasshopper (level 4, 0/40 HPs)
             Began as a Naga Warper on May 28, 2017.
             Slain by an adder (1 damage)
             ... on level 2 of the Dungeon.
             The game lasted 00:02:26 (1715 turns).

Hasart the Grasshopper (Naga Warper)                Turns: 1715, Time: 00:02:27

Health: 0/40       AC:  3    Str: 14    XL:     4   Next: 20%
Magic:  7/7        EV: 10    Int: 13    God:
Gold:   26         SH:  0    Dex: 11    Spells: 7/7 levels left

rFire    . . .     SeeInvis +   a - +0 spear
rCold    . . .     Gourm    .   (no shield)
rNeg     . . .     Faith    .   b - +0 leather armour
rPois    +         Spirit   .   (no helmet)
rElec    .         Reflect  .   (no cloak)
rCorr    .         Harm     .   (no gloves)
MR       .....                  (no barding)
Stlth    +.........             (no amulet)
Regen    0.2/turn               (no ring)
MPRegen  0.1/turn               (no ring)

@: lethally poisoned (0 -> -4), flying, hasted, quick
A: see invisible, deformed body, poison resistance, slowness 2, slow metabolism
1, spit poison 1, AC +1
a: Spit Poison


You were on level 2 of the Dungeon.
You were not hungry.

You visited 1 branch of the dungeon, and saw 2 of its levels.

You collected 26 gold pieces.

Inventory:

Hand Weapons
 a - a +0 spear (weapon)
Missiles
 e - 5 tomahawks of dispersal (quivered)
Armour
 b - a +0 leather armour (worn)
Jewellery
 g - an uncursed ring of ice {unknown}
Scrolls
 d - a scroll of blinking
 h - 2 scrolls of identify {unknown}
 j - a scroll of random uselessness {unknown}
 k - a scroll of fear {unknown}
 o - a scroll of amnesia {unknown}
 p - a scroll of teleportation {unknown}
Potions
 i - a potion of haste
 m - a potion of lignification {unknown}
 n - a potion of brilliance {unknown}
Books
 c - a book of Spatial Translocations

   Spells                             Type                      Level
   a - Blink                          Translocation                2
   b - Shroud of Golubria             Charms/Translocation         2
   c - Lesser Beckoning               Translocation                3
   d - Gell's Gravitas                Translocation                3
   e - Teleport Other                 Translocation                3
   f - Passage of Golubria            Translocation                4
Comestibles
 f - 2 bread rations


   Skills:
 + Level 2.4 Fighting
 * Level 3.0 Polearms
 - Level 0.8 Throwing
 + Level 1.4 Armour
 + Level 2.1 Dodging
 + Level 2.2 Spellcasting
   Level 3.0 Translocations


You had 7 spell levels left.
You didn't know any spells.

Dungeon Overview and Level Annotations

Branches:
Dungeon (2/15)

Altars:


Innate Abilities, Weirdness & Mutations

You cannot wear boots.
Your serpentine skin is tough. (AC +1)
You have supernaturally acute eyesight. (SInv)
Armour fits poorly on your strangely shaped body.
Your system is resistant to poisons. (rPois)
You cover ground very slowly.
You have a slow metabolism.
You can spit poison.


Message History

You miss the adder.
The adder is heavily wounded.
The adder closely misses you. The adder bites you.
* * * LOW HITPOINT WARNING * * *
You closely miss the adder.
The adder is heavily wounded.
You have got your breath back.
* * * LOW HITPOINT WARNING * * *
You feel sick. The adder barely misses you.
It was a potion of haste.
You feel yourself speed up. The adder barely misses you.
You hit the adder.
The adder is almost dead.
* * * LOW HITPOINT WARNING * * *
You feel sick. The adder bites you.
* * * LOW HITPOINT WARNING * * *
It was a potion of flight.
You feel very buoyant.
You fly up into the air.
The adder bites you.
You die...

....###.#### ....
#.#######.
##..###.........
.........#####..
......^..#####.##
.................
##.####..#####..#
.. #..#####.# #
#..)S@...#
#.######.# ....
#..#. #.. . #..
.# #..


You could see an adder.

Vanquished Creatures
  3 adders (D:2)
  A gnoll (D:1)
  An ooze (D:1)
  2 leopard geckos (D:1)
  2 bats (D:1)
  5 hobgoblins
  4 jackals (D:1)
  2 frilled lizards (D:1)
  A goblin (D:1)
  3 kobolds (D:1)
  4 rats (D:1)
28 creatures vanquished.

Notes
Turn   | Place    | Note
-------+----------+-------------------------------------------
     0 | D:1      | Hasart the Naga Warper began the quest for the Orb.
     0 | D:1      | Reached XP level 1. HP: 19/19 MP: 3/3
     3 | D:1      | Noticed an electric eel
     3 | D:1      | Noticed an electric eel
   380 | D:1      | Reached XP level 2. HP: 21/26 MP: 5/5
   392 | D:1      | Reached skill level 1 in Armour
   781 | D:1      | Reached XP level 3. HP: 30/32 MP: 6/6
  1477 | D:2      | Reached XP level 4. HP: 18/40 MP: 7/7
  1714 | D:2      | HP: 1/40 [adder (3)]
  1715 | D:2      | Slain by an adder

Skill      XL: |  1  2  3  4 |
---------------+-------------+-----
Armour         | 1 |  1.4
Dodging        | 2 |  2.1
Polearms       | 3 |  3.0
Fighting       | |  2.4
Throwing       | |  0.8
Spellcasting   | |  2.2
Translocations | |  3.0

Action                   |  1- 3 |  4- 6 || total
-------------------------+-------+-------++-------
Melee: Spear             |   102 |    24 ||   126
 Abil: Spit Poison       |     8 |     2 ||    10
  Use: Potion            |       |     2 ||     2
  Eat: Chunk             |     1 |     1 ||     2
Armor: Leather armour    |    17 |     5 ||    22
Dodge: Dodged            |    50 |    11 ||    61
